 Dungeon Crawl Stone Soup version 0.19.5 (webtiles) character file.

1724668 dxctxrx the Acrobat (level 27, 244/244 HPs)
             Began as a Merfolk Berserker on Mar 4, 2017.
             Was an Elder of Trog.
             Escaped with the Orb
             ... and 3 runes on Mar 5, 2017!
             The game lasted 05:02:25 (70053 turns).

dxctxrx the Acrobat (Merfolk Berserker)            Turns: 70053, Time: 05:02:25

Health: 244/244    AC: 42    Str: 28    XL:     27
Magic:  32/32      EV: 26    Int:  9    God:    Trog [****..]
Gold:   4468       SH: 28    Dex: 25    Spells: 0 memorised, 26 levels left

rFire  + + +     SeeInvis .     a - +9 demon trident (vamp)
rCold  + . .     Gourm    .     f - +7 gold dragon scales
rNeg   + + .     Faith    .     l - +1 large shield {AC+3}
rPois  +         Spirit   .     k - +0 hat of Alaop {rF+ MR+ Str+4}
rElec  .         Reflect  .     t - +2 cloak
rCorr  .         Harm     .     X - +2 pair of gloves
MR     +++++     Clarity  +     p - +2 pair of boots {run}
Stlth  ..........               O - amulet of the Four Winds {rN+ MR+++ Clar}
                                V - ring of the Albatross {*Drain rF++ rN+ MR- Dex+8}
                                H - ring of protection from magic

@: quick
A: change form in water, swift swim, stealthy swim, no device heal 1
a: Berserk, Trog's Hand, Brothers in Arms, Burn Spellbooks, Renounce Religion
0: Orb of Zot
}: 3/15 runes: barnacled, silver, gossamer


You escaped.
You worshipped Trog.
Trog was greatly pleased with you.
You were not hungry.

You visited 9 branches of the dungeon, and saw 49 of its levels.
You visited the Abyss 1 time.
You visited 1 bazaar.
You also visited: Sewer.

You collected 6597 gold pieces.
You spent 2129 gold pieces at shops.


Innate Abilities, Weirdness & Mutations

You revert to your normal form in water.
You are very nimble and swift while swimming.
You are very stealthy in the water. (Stealth+)
Potions and wands are less effective at restoring your health.


   Skills:
 + Level 25.7 Fighting
 + Level 18.2 Polearms
 - Level 17.1 Armour
 + Level 26.8 Dodging
 - Level 25.0 Shields
 - Level 13.0 Evocations


You had 26 spell levels left.
You didn't know any spells.

Inventory:

Hand Weapons
 a - a +9 vampiric demon trident (weapon)
 z - the +10 trident of the Original Sin {drain, SInv}
   (Trog gifted it to you on level 6 of the Lair of Beasts)

   A truly terrible weapon, it drains the life of those it strikes.
   It lets you see invisible.
 W - the +3 demon trident "Suriec" {drain, +Blink +Fly MR- Dex+4}
   (Trog gifted it to you on level 2 of the Spider Nest)

   A truly terrible weapon, it drains the life of those it strikes.
   It affects your dexterity (+4).
   It affects your resistance to hostile enchantments.
   It lets you fly.
   It lets you blink.
Missiles
 h - 23 throwing nets {=f}
 M - 104 tomahawks (quivered)
Armour
 f - +7 gold dragon scales (worn)
 k - the +0 hat of Alaop (worn) {rF+ MR+ Str+4}
   (You acquired it on level 4 of the Depths)

   It affects your strength (+4).
   It protects you from fire.
   It affects your resistance to hostile enchantments.
 l - a +1 large shield of protection (worn)
 n - a +0 cloak of poison resistance
 p - a +2 pair of boots of running (worn)
 t - a +2 cloak (worn)
 X - a +2 pair of gloves (worn)
Jewellery
 v - the ring of Niceugh {rC+ Str+6 SInv}
   (You took it off a centaur on level 2 of the Depths)

   [ring of protection from cold]

   It affects your strength (+6).
   It protects you from cold.
   It lets you see invisible.
 D - an uncursed ring of resist corrosion
 H - a ring of protection from magic (left hand)
 O - the amulet of the Four Winds (around neck) {rN+ MR+++ Clar}
   (You took it off a vault sentinel on level 5 of the Vaults)

   [amulet of nothing]

   It protects you from negative energy.
   It affects your resistance to hostile enchantments.
   It protects you against confusion.
 V - the ring of the Albatross (right hand) {*Drain rF++ rN+ MR- Dex+8}
   (You found it on level 9 of the Dungeon)

   [ring of positive energy]

   It affects your dexterity (+8).
   It greatly protects you from fire.
   It protects you from negative energy.
   It affects your resistance to hostile enchantments.
   It causes draining when unequipped.
Wands
 o - a wand of acid (11/15)
 x - a wand of disintegration (16/24)
 C - a wand of digging (3/24)
 K - a wand of hasting (4/9) {@v3}
 P - a wand of teleportation (6/9) {@v4}
 R - a wand of iceblast (10/15)
Scrolls
 g - 6 scrolls of teleportation {@r4}
 i - 16 scrolls of identify {@r1}
 q - 7 scrolls of magic mapping
 w - 23 scrolls of remove curse {@r2}
 A - 3 scrolls of silence {!r}
 L - 2 scrolls of fog
 Q - 10 scrolls of recharging
 U - 2 scrolls of summoning
Potions
 e - a potion of resistance
 r - 3 potions of cancellation
 s - 17 potions of curing {@q1}
 y - 4 potions of berserk rage {!q}
 E - 13 potions of flight
 F - 3 potions of cure mutation
 G - 4 potions of might
 S - a potion of agility
 T - 3 potions of haste {@q3}
Miscellaneous
 u - a phial of floods
 B - 2 boxes of beasts
 I - a disc of storms
 J - a lamp of fire
 N - a fan of gales
Comestibles
 c - 10 bread rations {@e1}
 d - 26 meat rations {@e1}

Dungeon Overview and Level Annotations

Branches:
Dungeon (15/15)            Temple (0/1) D:7            Lair (6/6) D:9
 Shoals (4/4) Lair:4       Spider (4/4) Lair:2          Orc (2/2) D:10
    Elf (3/3) Orc:2        Vaults (5/5) D:13          Crypt (0/3) Vaults:3
 Depths (5/5) D:15            Zot (5/5) Depths:5
  Slime: Lair:5-6

Altars:
Okawaru
Uskayaw
Vehumet
Xom
The Shining One
Beogh

Shops:
D:7 [   D:14 =   Orc:2 :[(*

Portals:
Hell: Depths:1 Depths:2 Depths:3 Depths:4 Depths:5
Abyss: Depths:4
Pandemonium: Depths:3 Depths:5
Ziggurat: Depths:3

Annotations:
Lair:3 1 runed door
Shoals:4 exclusion: ice statue

▒▒▒▒▒▒▒▒▒▒▒▒▒▒▒▒▒▒▒▒▒▒▒▒
▒>···················»»▒
▒······X·······»»»»»»»»▒
▒····)·»»»»»»»»»»»»»»»·▒▒
▒·»»»»»»»»»»»»»»»»······▒
▒»»»»»»»»»»»»»»»·········
▒»»»»»»··················
▒»»»»····4······»»»»···▒·
▒▒»»···@33·4···»»»»»»»»▒·
▒▒▒▒···2·2·»»»»)·»»»»»▒·
▒▒▒▒»»»»»»»········▒·
▒»»»»»»»»············
▒▒▒▒▒▒▒▒▒············
▒▒·▒▒▒▒▒▒▒▒·· ▒·▒ ▒··
▒▒▒·▒ ▒·· ▒▒···▒▒ ▒▒▒


You could see an Orb Guardian, a balrug, a blizzard demon, 2 sun demons and 2
red devils.


Message History

You kill the hobgoblin!
Trog accepts your kill.
You climb upwards.
There is a stone staircase leading down here.
Evoke which item? (* to show all) (? for menu, Esc to quit)
Zapping:
C - a wand of digging (4/24)
Press: ? - help, Shift-Dir - straight line The rock shatters into small pieces.
This wand has 3 charges left.
A sun demon comes into view.
A blizzard demon comes into view.
A red devil and a balrug come into view.
The balrug is wielding a vampiric demon whip.
The red devil is wielding a demon trident of draining.
The balrug shouts!
A sun demon comes into view.
Your legs become a tail as you enter the water.
Your +2 pair of boots of running melds into your body.
A red devil comes into view. It is wielding a demon trident.
The balrug gestures at you. The bolt of fire misses you.
The sun demon closely misses you.
The blizzard demon is engulfed in a cloud of scalding steam.
Your +2 pair of boots of running unmelds from your body.
You feel quick.
The blizzard demon is engulfed in a cloud of scalding steam.
You block the red devil's attack.
An Orb Guardian comes into view.
The blizzard demon waves its arms in wide circles.
The air twists around and strikes you!
There is a staircase leading out of the dungeon here.
You block the sun demon's attack. The red devil completely misses you.
You have escaped!

Skill      XL: |  1  2  3  4  5  6  7  8  9 10 11 12 13 14 15 16 17 18 19 20 21 22 23 24 25 26 27 |
---------------+----------------------------------------------------------------------------------+-----
Polearms       | 5 6 8 9 11 13 14 18 | 18.2
Fighting       | 4 5 6 7 8 10 12 13 15 16 17 19 20 21 22 25 | 25.7
Dodging        | 3 8 11 12 14 16 18 20 21 22 26 | 26.8
Armour         | 4 6 8 9 10 11 12 13 14 15 16 17 | 17.1
Shields        | 3 7 9 11 12 13 14 16 17 18 19 20 21 22 23 25 | 25.0
Evocations     | 5 8 11 12 13 | 13.0

Action                   |  1- 3 |  4- 6 |  7- 9 | 10-12 | 13-15 | 16-18 | 19-21 | 22-24 | 25-27 || total
-------------------------+-------+-------+-------+-------+-------+-------+-------+-------+-------++-------
Melee: Spear             |   132 |   107 |   206 |       |       |       |       |       |       ||   445
       Tailslap          |       |       |     6 |       |     6 |    55 |     1 |       |     4 ||    72
       Trident           |       |       |   362 |   736 |  1513 |   384 |       |       |       ||  2995
       Halberd           |       |       |    11 |       |       |       |       |       |       ||    11
       Headbutt          |       |       |       |       |   322 |   552 |   686 |   948 |  1354 ||  3862
       Demon trident     |       |       |       |       |       |  1559 |  2216 |  2667 |  3791 || 10233
 Fire: Blowgun           |       |       |       |       |       |    13 |       |       |       ||    13
Throw: Stone             |       |       |     4 |       |       |       |       |       |       ||     4
       Tomahawk          |       |       |       |       |     2 |    61 |       |    18 |    10 ||    91
Invok: Berserk           |     2 |     5 |     5 |     2 |     1 |       |       |       |       ||    15
       Trog's Hand       |       |     4 |     6 |     8 |    16 |    12 |    16 |    25 |    30 ||   117
       Burn Spellbooks   |       |       |     1 |     3 |     2 |     2 |     2 |     5 |     6 ||    21
       Brothers in Arms  |       |       |       |     2 |     5 |     7 |     7 |     7 |     8 ||    36
Evoke: Box of beasts     |       |       |       |       |       |       |     1 |       |     3 ||     4
       Phial of floods   |       |       |       |       |       |       |     1 |       |     1 ||     2
       Wand              |       |       |       |       |       |       |       |     1 |     6 ||     7
       Phantom mirror    |       |       |       |       |       |       |       |       |     2 ||     2
  Use: Scroll            |       |       |     8 |    14 |    13 |    25 |     6 |    16 |    22 ||   104
       Potion            |       |       |       |     3 |     4 |     3 |     2 |     6 |    16 ||    34
 Stab: Distracted        |       |       |       |     1 |     2 |     2 |     3 |     1 |     4 ||    13
       Invisible         |       |       |       |       |       |       |       |       |     2 ||     2
  Eat: Chunk             |     2 |     9 |    21 |    13 |    35 |    27 |    35 |    23 |    33 ||   198
       Beef jerky        |       |       |     2 |     1 |       |     2 |       |     2 |     6 ||    13
       Royal jelly       |       |       |     1 |     1 |       |     4 |       |       |     2 ||     8
       Pizza             |       |       |       |     2 |       |     6 |     1 |       |       ||     9
       Meat ration       |       |       |       |     1 |     2 |       |       |     4 |       ||     7
       Fruit             |       |       |       |     1 |       |       |       |       |     3 ||     4
       Bread ration      |       |       |       |       |     1 |     1 |       |     1 |     4 ||     7
Armor: Ring mail         |    36 |    15 |    30 |       |       |       |       |       |       ||    81
       Chain mail        |       |       |    98 |   131 |   164 |    17 |       |       |       ||   410
       Scale mail        |       |       |       |    53 |       |       |       |       |       ||    53
       Plate armour      |       |       |       |       |   129 |   404 |   244 |   399 |       ||  1176
       Gold dragon scale |       |       |       |       |       |       |       |    72 |   990 ||  1062
Dodge: Dodged            |    57 |    39 |   135 |   218 |   349 |   545 |   527 |  1072 |  1374 ||  4316
Block: Large shield      |       |       |       |   430 |  1088 |  1717 |  1591 |  2450 |  3398 || 10674

Vault maps used:
D:1:      dpeg_arrival_chase, minmay_misc_feat_doors,
          minmay_misc_feat_four_crosses, minmay_tromino_v7
D:2:      okawaru_metal_pillars_1_2, uniq_sigmund, uniq_crazy_yiuf_cottage
D:3:      first_bread, uniq_robin
D:4:      lightli_minifort
D:6:      gup_sewer_entry_spiral, nicolae_ossuary_entry_ruins
D:7:      minmay_temple_entry_junction, enter_bailey_2, serial_shops,
          kennysheep_mini_moat
D:8:      uniq_erica, uniq_psyche
D:9:      dpeg_lair_monsters
D:10:     orc_0_dummy
D:12:     serial_shops, freezing_bzr, grunt_pizzeria
D:13:     david_vaults_2
D:14:     xom_redecorated, serial_shops, nicolae_shop_window_shopping,
          nicolae_lava_and_water
D:15:     grunt_enter_depths_hoard
Lair:1:   grunt_megastairs_2, serial_bayou_shore_b, lemuel_fruit_tree,
          infiniplex_staircase_pool_2
Lair:2:   spider_nest_entry_a, uniq_fannar
Lair:3:   gammafunk_lair_enchanted_lake, serial_bayou_shore_b,
          uniq_prince_ribbit2
Lair:4:   minmay_shoals_entry_beasts, lab_entry_generic, lemuel_fruit_fields
Lair:6:   cheibrodos_lair_end_hotspot, slime_altar_1
Shoals:3: uniq_ilsuiw
Shoals:4: shoals_end_hangedman, shoal_ilsuiw,
          portal_ice_cave_entry_ice_statue_one, nicolae_shoals_square_sea_wall
Spider:2: hangedman_stitches_earthworm, uniq_arachne, uniq_asterion
Spider:3: lemuel_spider_zombies, uniq_louise
Spider:4: grunt_spider_rune_circles, spider_trap, nicolae_spider_stair_cavern
Orc:1:    uniq_harold
Orc:2:    grunt_orc_gardens, grunt_orc_garden, grunt_orc_garden,
          grunt_orc_garden, grunt_orc_garden
Elf:1:    minmay_elf_arrival_plus, minmay_elf_demonology, st_stairs_9
Elf:3:    minmay_elf_hall_curves, uniq_jorgrun
Vaults:1: nicolae_vaults_hallways_thing, v_pattern_2, v_alt_pattern_2,
          nicolae_vaults_little_ls, ontoclasm_vaults_claustrophobia,
          vaults_room_large_hall, nicolae_vaults_border_crossing,
          nicolae_vaults_circle_grid_a, special_room_vaults,
          nicolae_vaults_yaktaur_gun_rack, v_misc_27, hangedman_vaults_capsules,
          ontoclasm_vaults_ligature, serial_ice_b,
          lightli_enter_wizlab_magi_temple
Vaults:2: v_rooms_6, v_misc_28, ontoclasm_vaults_idyll, ontoclasm_vaults_spin,
          nicolae_vaults_stairing_the_circle, dpeg_vaults_monster_box,
          nicolae_vaults_asterisk, st_smaller_cells,
          ontoclasm_vaults_ring_large, hangedman_vaults_unwind,
          ontoclasm_vaults_tryst, nicolae_vaults_little_squares_6, v_misc_17,
          ontoclasm_vaults_ring_small, uniq_bai_suzhen, uniq_saint_roka
Vaults:3: grunt_vaults_swirl, nicolae_vaults_disjoint_gnomons, v_rooms_3,
          vaults_room_large_hall, v_misc_22, blue_anna_dwarven_crypt,
          vaults_dpeg_ring
Vaults:4: v_misc_9, v_rooms_5, nicolae_vaults_murderbox, v_alt_pattern_4,
          v_misc_4, v_pattern_4, v_misc_33, ontoclasm_vaults_hangar,
          vaults_room_hallway, vaults_room_grunt_arrival_ludios,
          ontoclasm_vaults_shuriken
Depths:1: pf_hell_entry_great_geh, minmay_misc_feat_square, tso_altar,
          roderic_lattice_octagonal_star, uniq_sojobo
Depths:2: kennysheep_four_of_diamonds, minivault_11, grunt_hell_entry_dis_grunt,
          firewood_loft, infiniplex_staircase_zigzag_2, serial_bayou_shore_b,
          serial_bayou_shore_b
Depths:3: regret_index_uskayaw_diablada_macabre, enter_ziggurat_e, hell_entry,
          columned_hall_lemuel, rand_demon_pan_entry_8
Depths:4: grunt_house_of_mirrors, abyss_entry, hell_entry, lemuel_crystal_altar,
          infiniplex_staircase_pillars_1
Depths:5: evilmike_zot_entry_gauntlet, minmay_misc_feat_nine_boxes,
          rand_demon_pan_entry_5, pf_hell_entry_tar_spiral
Zot:1:    hangedman_zot_decor_slant
Zot:2:    lemuel_baited_zot_trap
Zot:3:    lemuel_elevator
Zot:4:    kennysheep_ambush_hall, st_stairs_1, hangedman_snap_crack_crunch
Abyss:3:  nicolae_abyss_rune_left_handed
Bazaar:   bazaar_minmay_plants
Sewer:    sewer_co_tree

Notes
Turn   | Place    | Note
-------+----------+-------------------------------------------
     0 | D:1      | dxctxrx the Merfolk Berserker began the quest for the Orb.
     0 | D:1      | Reached XP level 1. HP: 18/18 MP: 1/1
   161 | D:1      | Reached skill level 5 in Polearms
   180 | D:1      | Reached XP level 2. HP: 24/24 MP: 2/2
   317 | D:1      | Reached XP level 3. HP: 30/30 MP: 3/3
   562 | D:1      | Reached ** piety under Trog
   824 | D:2      | Found an iron altar of Okawaru.
   923 | D:2      | Reached skill level 4 in Fighting
   923 | D:2      | Reached skill level 6 in Polearms
   968 | D:2      | Reached XP level 4. HP: 36/37 MP: 4/4
  1304 | D:2      | Reached XP level 5. HP: 43/43 MP: 5/5
  1369 | D:2      | Reached skill level 7 in Polearms
  1500 | D:2      | Found a runed door.
  1571 | D:2      | Noticed Crazy Yiuf
  1579 | D:2      | Killed Crazy Yiuf
  2118 | D:2      | Noticed Sigmund
  2128 | D:2      | Killed Sigmund
  2128 | D:2      | Reached skill level 5 in Fighting
  2128 | D:2      | Reached skill level 8 in Polearms
  2128 | D:2      | Reached XP level 6. HP: 51/51 MP: 6/6
  2212 | D:3      | Noticed an ice beast
  2223 | D:3      | Killed an ice beast
  2223 | D:3      | Reached skill level 9 in Polearms
  2223 | D:3      | Reached XP level 7. HP: 56/56 MP: 7/7
  2290 | D:3      | Noticed Robin
  2321 | D:3      | Killed Robin
  2704 | D:3      | Noticed Dustman's ghost (amateur MiGl)
  2717 | D:3      | Killed Dustman's ghost
  2717 | D:3      | Reached skill level 10 in Polearms
  3444 | D:4      | Reached *** piety under Trog
  3732 | D:4      | Reached skill level 6 in Fighting
  3991 | D:4      | Reached skill level 11 in Polearms
  3998 | D:4      | Reached XP level 8. HP: 64/64 MP: 8/8
  4346 | D:5      | Entered Level 5 of the Dungeon
  4986 | D:6      | Found a glowing drain.
  4991 | Sewer    | Entered a sewer
  5537 | Sewer    | Reached skill level 12 in Polearms
  5944 | Sewer    | Reached skill level 7 in Fighting
  5969 | Sewer    | Reached **** piety under Trog
  6381 | D:6      | Reached skill level 13 in Polearms
  6852 | D:7      | Reached skill level 3 in Dodging
  6867 | D:7      | Reached XP level 9. HP: 72/72 MP: 9/9
  6921 | D:7      | Reached skill level 2 in Armour
  6921 | D:7      | Reached skill level 4 in Dodging
  7031 | D:7      | Reached skill level 5 in Dodging
  7264 | D:7      | Reached skill level 3 in Armour
  7442 | D:7      | Reached skill level 6 in Dodging
  7586 | D:7      | Found a staircase to the Ecumenical Temple.
  7626 | D:7      | Found Ytuplekao's Armour Boutique.
  8187 | D:8      | Reached skill level 4 in Armour
  8187 | D:8      | Reached skill level 7 in Dodging
  8545 | D:8      | Reached skill level 8 in Dodging
  8598 | D:8      | Noticed Psyche
  8605 | D:8      | Killed Psyche
  8605 | D:8      | Reached XP level 10. HP: 79/79 MP: 10/10
  8626 | D:8      | Got a bloodstained scale mail
  8637 | D:8      | Identified the cursed +0 scale mail "Heorgh" {rF+ Stlth+} (You found it on level 8 of the Dungeon)
  8698 | D:8      | Reached skill level 5 in Armour
  8725 | D:8      | Noticed Erica
  8756 | D:8      | Killed Erica
  8756 | D:8      | Reached skill level 9 in Dodging
  8800 | D:8      | Reached ***** piety under Trog
  9260 | D:9      | Reached skill level 10 in Dodging
  9374 | D:9      | Got a brightly glowing lead ring
  9375 | D:9      | Identified the ring of the Albatross {*Drain rF++ rN+ MR- Dex+8} (You found it on level 9 of the Dungeon)
  9427 | D:9      | Reached skill level 6 in Armour
  9895 | D:9      | Killed an unseen horror
  9895 | D:9      | Reached skill level 11 in Dodging
  9895 | D:9      | Reached skill level 2 in Shields
 10102 | D:9      | Found a staircase to the Lair.
 10147 | Lair:1   | Entered Level 1 of the Lair of Beasts
 10158 | Lair:1   | Reached skill level 3 in Shields
 10158 | Lair:1   | Reached XP level 11. HP: 84/84 MP: 11/11
 10402 | Lair:1   | Identified a +1 pair of boots of running (You found it on level 1 of the Lair of Beasts)
 10455 | Lair:1   | Reached skill level 4 in Shields
 10478 | Lair:1   | Reached skill level 12 in Dodging
 10641 | Lair:1   | Received a gift from Trog
 10828 | Lair:1   | Reached skill level 5 in Shields
 11413 | Lair:2   | Reached skill level 6 in Shields
 11434 | Lair:2   | Reached skill level 14 in Polearms
 11864 | Lair:2   | Noticed Fannar
 11878 | Lair:2   | Killed Fannar
 11878 | Lair:2   | Reached skill level 8 in Fighting
 11906 | Lair:2   | Reached skill level 7 in Shields
 11922 | Lair:2   | Reached XP level 12. HP: 89/93 MP: 10/12
 11986 | Lair:2   | Found a hole to the Spider Nest.
 12001 | Lair:2   | Reached skill level 7 in Armour
 12923 | Lair:3   | Reached skill level 9 in Fighting
 13121 | Lair:3   | Reached skill level 8 in Shields
 13371 | Lair:3   | Noticed Prince Ribbit
 13380 | Lair:3   | Killed Prince Ribbit
 13710 | Lair:3   | Found a runed door.
 14330 | Lair:4   | Noticed a death yak
 14330 | Lair:4   | Reached skill level 10 in Fighting
 14333 | Lair:4   | Noticed a death yak
 14336 | Lair:4   | Noticed a death yak
 14337 | Lair:4   | Noticed a death yak
 14338 | Lair:4   | Noticed a death yak
 14343 | Lair:4   | Killed a death yak
 14351 | Lair:4   | Killed a death yak
 14351 | Lair:4   | Reached skill level 8 in Armour
 14351 | Lair:4   | Reached skill level 9 in Shields
 14355 | Lair:4   | Killed a death yak
 14377 | Lair:4   | Killed a death yak
 14383 | Lair:4   | Killed a death yak
 14383 | Lair:4   | Reached XP level 13. HP: 25/104 MP: 1/13
 14617 | Lair:4   | Found a staircase to the Shoals.
 14884 | Lair:4   | Reached skill level 11 in Fighting
 15706 | Lair:5   | Reached skill level 10 in Shields
 16007 | Lair:5   | Reached skill level 9 in Armour
 16070 | Lair:5   | Identified a wand of teleportation
 16301 | Lair:6   | Entered Level 6 of the Lair of Beasts
 16304 | Lair:6   | Received a gift from Trog
 16307 | Lair:6   | Got a steaming trident {god gift}
 16394 | Lair:6   | Identified the +10 trident of the Original Sin {drain, SInv} (Trog gifted it to you on level 6 of the Lair of Beasts)
 16729 | Lair:6   | Gained mutation: You have a pair of small horns on your head. [potion of beneficial mutation]
 16835 | Lair:6   | Noticed a fire dragon
 16842 | Lair:6   | Reached skill level 12 in Fighting
 16894 | Lair:6   | Reached skill level 11 in Shields
 17035 | Lair:6   | Found a large runed door.
 17035 | Lair:6   | Found a large runed door.
 17046 | Lair:6   | Reached XP level 14. HP: 115/115 MP: 14/14
 17803 | D:10     | Entered Level 10 of the Dungeon
 18358 | D:10     | Found a staircase to the Orcish Mines.
 18684 | Orc:1    | Entered Level 1 of the Orcish Mines
 18805 | Orc:1    | Paralysed by an orc sorcerer for 2 turns
 18825 | Orc:1    | Reached skill level 10 in Armour
 19277 | Orc:1    | Noticed Harold
 19287 | Orc:1    | Killed Harold
 19519 | Orc:2    | Entered Level 2 of the Orcish Mines
 19634 | Orc:2    | Found Ippa's Book Emporium.
 19859 | Orc:2    | Received a gift from Trog
 19859 | Orc:2    | Reached skill level 13 in Fighting
 19984 | Orc:2    | Noticed an orc warlord
 20011 | Orc:2    | Killed an orc warlord
 20018 | Orc:2    | Found Nuopp's General Store.
 20021 | Orc:2    | Paralysed by an orc sorcerer for 2 turns
 20026 | Orc:2    | Reached skill level 12 in Shields
 20229 | Orc:2    | Bought a potion of heal wounds for 60 gold pieces
 20287 | Orc:2    | Found Zis Argh's Antique Weapon Shoppe.
 20409 | Orc:2    | Bought a shimmering trident for 280 gold pieces
 20418 | Orc:2    | Identified the cursed +3 trident of Pride {vamp, rF- Str+4} (You bought it in a shop on level 2 of the Orcish Mines)
 20537 | Orc:2    | Found Pitwibes's Antique Armour Shop.
 20633 | Orc:2    | Found a staircase to the Elven Halls.
 20880 | Orc:2    | Bought an ancient chain mail for 285 gold pieces
 20880 | Orc:2    | Bought a slimy ring mail for 270 gold pieces
 20915 | Orc:2    | Identified the +4 chain mail of Xuysy {rF- Dex+2 Stlth+} (You bought it in a shop on level 2 of the Orcish Mines)
 20925 | Orc:2    | Identified the +4 ring mail of the Gloaming {Str+6 Dex-2} (You bought it in a shop on level 2 of the Orcish Mines)
 21021 | Orc:1    | Received a gift from Trog
 22039 | D:12     | Reached XP level 15. HP: 117/125 MP: 15/15
 22220 | D:12     | Found a flickering gateway to a bazaar.
 22226 | Bazaar   | Entered a bazaar
 22307 | Bazaar   | Found Ulepaem's Food Shop.
 22307 | Bazaar   | Found Xelomowuir's Antique Armour Boutique.
 22308 | Bazaar   | Found Turuf's Armour Emporium.
 22339 | Bazaar   | Found Geeg's Magic Scroll Emporium.
 22358 | Bazaar   | Bought a slimy plate armour for 784 gold pieces
 22369 | Bazaar   | Identified the cursed +0 plate armour "Caes" {rF+ rC+ Str+4} (You bought it in a shop in a bazaar)
 22379 | Bazaar   | Bought a scroll of enchant armour for 90 gold pieces
 22748 | D:12     | Reached skill level 14 in Fighting
 23148 | D:13     | Reached skill level 11 in Armour
 23378 | D:13     | Reached skill level 13 in Shields
 23380 | D:13     | Found a gate to the Vaults.
 23401 | D:13     | Received a gift from Trog
 23846 | D:14     | Found a shimmering altar of Xom.
 23848 | D:14     | Found a shimmering altar of Xom.
 23848 | D:14     | Found a shimmering altar of Xom.
 23848 | D:14     | Found a shimmering altar of Xom.
 23850 | D:14     | Found a shimmering altar of Xom.
 23850 | D:14     | Found a shimmering altar of Xom.
 23851 | D:14     | Found a shimmering altar of Xom.
 24057 | D:14     | Noticed Thomus's ghost (journeyman MiGl)
 24093 | D:14     | Killed Thomus's ghost
 24692 | D:14     | Found Wynaez's Jewellery Boutique.
 24958 | D:15     | Entered Level 15 of the Dungeon
 25049 | D:15     | Got a steaming scale mail
 25065 | D:15     | Identified the +1 scale mail "Gynoargh" {+Fly Str+3 Slay-4} (You found it on level 15 of the Dungeon)
 25080 | D:15     | Reached skill level 15 in Fighting
 25227 | D:15     | Found a staircase to the Depths.
 25320 | D:15     | Received a gift from Trog
 25387 | D:15     | Reached XP level 16. HP: 136/136 MP: 16/16
 25616 | D:14     | Bought an uncursed amulet of regeneration for 360 gold pieces
 26068 | Spider:1 | Entered Level 1 of the Spider Nest
 26120 | Spider:1 | Reached skill level 14 in Shields
 26821 | Spider:1 | Reached skill level 12 in Armour
 27330 | Spider:2 | Noticed Arachne
 27349 | Spider:2 | Killed Arachne
 27349 | Spider:2 | Reached skill level 16 in Fighting
 27496 | Spider:2 | Noticed Asterion
 27499 | Spider:2 | Reached ****** piety under Trog
 27512 | Spider:2 | Noticed an Executioner
 27522 | Spider:2 | Killed Asterion
 27528 | Spider:2 | Received a gift from Trog
 27850 | Spider:2 | Received a gift from Trog
 27853 | Spider:2 | Got a scorched demon trident {god gift}
 27855 | Spider:2 | Identified the +3 demon trident "Suriec" {drain, +Blink +Fly MR- Dex+4} (Trog gifted it to you on level 2 of the Spider Nest)
 28208 | Spider:2 | Identified a scroll of acquirement
 28213 | Spider:2 | Got a spiked shield
 28224 | Spider:2 | Identified the +1 shield "Mof Ger" {rPois rC++ Slay-5 SInv} (You acquired it on level 2 of the Spider Nest)
 28520 | Spider:4 | Entered Level 4 of the Spider Nest
 28607 | Spider:3 | Reached XP level 17. HP: 145/145 MP: 17/17
 28633 | Spider:3 | Reached skill level 15 in Shields
 28781 | Spider:3 | Noticed Louise
 28816 | Spider:3 | Killed Louise
 28933 | Spider:3 | Received a gift from Trog
 29306 | Spider:4 | Noticed Typee's ghost (adept DECj)
 29323 | Spider:4 | Killed Typee's ghost
 29432 | Spider:4 | Reached skill level 17 in Fighting
 29944 | Spider:4 | Reached skill level 13 in Armour
 30267 | Spider:4 | Got a gossamer rune of Zot
 30582 | Shoals:1 | Entered Level 1 of the Shoals
 31496 | Shoals:2 | Reached skill level 16 in Shields
 31496 | Shoals:2 | Reached XP level 18. HP: 156/156 MP: 18/18
 31851 | Shoals:2 | Reached skill level 13 in Dodging
 32708 | Shoals:3 | Noticed Ilsuiw
 32738 | Shoals:3 | Killed Ilsuiw
 33339 | Shoals:4 | Entered Level 4 of the Shoals
 33412 | Shoals:4 | Received a gift from Trog
 33412 | Shoals:4 | Reached skill level 1 in Evocations
 33477 | Shoals:4 | Reached skill level 2 in Evocations
 33597 | Shoals:4 | Reached skill level 3 in Evocations
 33608 | Shoals:4 | Reached skill level 14 in Dodging
 34004 | Shoals:4 | Got a barnacled rune of Zot
 34203 | Shoals:4 | Reached skill level 4 in Evocations
 34530 | Shoals:4 | Received a gift from Trog
 34999 | Vaults:1 | Entered Level 1 of the Vaults
 35057 | Vaults:1 | Found a magical portal.
 35244 | Vaults:1 | Reached skill level 17 in Shields
 35253 | Vaults:1 | Reached skill level 5 in Evocations
 35505 | Vaults:1 | Reached XP level 19. HP: 163/163 MP: 21/23
 35568 | Vaults:1 | Reached skill level 15 in Dodging
 35688 | Vaults:1 | Received a gift from Trog
 35714 | Vaults:1 | Reached skill level 6 in Evocations
 36389 | Vaults:1 | Found a roughly hewn altar of Beogh.
 36415 | Vaults:1 | Received a gift from Trog
 36875 | Vaults:2 | Noticed Saint Roka
 36895 | Vaults:2 | Reached skill level 7 in Evocations
 36905 | Vaults:2 | Killed Saint Roka
 36968 | Vaults:2 | Received a gift from Trog
 37098 | Vaults:2 | Reached skill level 16 in Dodging
 37450 | Vaults:2 | Reached skill level 8 in Evocations
 37789 | Vaults:2 | Reached skill level 18 in Shields
 38026 | Vaults:2 | Noticed Bai Suzhen
 38042 | Vaults:2 | Killed Bai Suzhen
 38042 | Vaults:2 | Reached XP level 20. HP: 170/170 MP: 26/26
 38071 | Vaults:2 | Reached skill level 9 in Evocations
 38258 | Vaults:2 | Reached skill level 17 in Dodging
 38999 | Vaults:3 | Received a gift from Trog
 39367 | Vaults:3 | Reached skill level 10 in Evocations
 39737 | Vaults:3 | Reached skill level 18 in Dodging
 39897 | Vaults:3 | Found a staircase to the Crypt.
 40529 | Vaults:4 | Received a gift from Trog
 40861 | Vaults:4 | Received a gift from Trog
 40902 | Vaults:4 | Reached skill level 19 in Shields
 40932 | Vaults:4 | Reached skill level 11 in Evocations
 40956 | Vaults:4 | Reached XP level 21. HP: 176/176 MP: 29/29
 41184 | Vaults:4 | Noticed a lich
 41201 | Vaults:4 | Killed a lich
 41235 | Vaults:4 | Received a gift from Trog
 41384 | Vaults:4 | Noticed a tengu reaver
 41393 | Vaults:4 | Killed a tengu reaver
 41428 | Vaults:4 | Reached skill level 19 in Dodging
 42043 | Vaults:4 | Reached skill level 12 in Evocations
 42087 | Vaults:4 | Received a gift from Trog
 42194 | Vaults:4 | Noticed a lich
 42205 | Vaults:4 | Killed a lich
 42520 | Elf:1    | Entered Level 1 of the Elven Halls
 42714 | Elf:1    | Received a gift from Trog
 43155 | Elf:1    | You fall through a shaft!
 43227 | Elf:2    | Found a runed gate.
 43227 | Elf:2    | Found a runed gate.
 43228 | Elf:2    | Found a runed gate.
 43285 | Elf:2    | Received a gift from Trog
 43383 | Elf:2    | Reached skill level 20 in Dodging
 43749 | Elf:1    | Reached XP level 22. HP: 183/183 MP: 31/31
 43850 | Elf:1    | Reached skill level 13 in Evocations
 44310 | Elf:2    | Reached skill level 18 in Fighting
 44403 | Elf:2    | Reached skill level 20 in Shields
 44741 | Elf:3    | Entered Level 3 of the Elven Halls
 44748 | Elf:3    | Noticed Jorgrun
 44759 | Elf:3    | Killed Jorgrun
 44875 | Elf:3    | Received a gift from Trog
 44887 | Elf:3    | You are cast into the Abyss!
 44887 | Elf:3    | Cast into level 3 of the Abyss (a deep elf sorcerer)
 44903 | Abyss:3  | Found a corrupted altar of Lugonu.
 45131 | Abyss:3  | Found a corrupted altar of Lugonu.
 45137 | Abyss:3  | Noticed a lich
 45142 | Abyss:3  | Paralysed by a lich for 6 turns
 45152 | Abyss:3  | Killed a lich
 45160 | Elf:3    | You pass through the gate.
 45160 | Elf:3    | Escaped the Abyss
 45323 | Elf:3    | Received a gift from Trog
 45412 | Elf:3    | Reached skill level 14 in Armour
 45450 | Elf:3    | Got an encrusted plate armour
 45462 | Elf:3    | Identified the +0 plate armour of Gallantry {rElec} (You found it on level 3 of the Elven Halls)
 45557 | Elf:3    | Identified a wand of hasting (You took it off a deep elf annihilator on level 3 of the Elven Halls)
 46483 | Depths:1 | Entered Level 1 of the Depths
 46653 | Depths:1 | Noticed a lich
 46696 | Depths:1 | Noticed a tengu reaver
 47893 | Depths:1 | Found a gateway to Hell.
 47908 | Depths:1 | Received a gift from Trog
 47914 | Depths:1 | Noticed a tengu reaver
 47922 | Depths:1 | Noticed a tengu reaver
 47933 | Depths:1 | Killed a tengu reaver
 47944 | Depths:1 | Noticed Sojobo
 47954 | Depths:1 | Killed a tengu reaver
 47979 | Depths:1 | Reached skill level 19 in Fighting
 48008 | Depths:1 | Killed Sojobo
 48237 | Depths:1 | Reached XP level 23. HP: 194/194 MP: 32/32
 48529 | Depths:1 | Found a glowing golden altar of the Shining One.
 48841 | Depths:2 | Paralysed by a floating eye for 4 turns
 49296 | Depths:2 | Reached skill level 21 in Shields
 49629 | Depths:2 | Received a gift from Trog
 49636 | Depths:2 | Noticed a caustic shrike
 49650 | Depths:2 | Killed a caustic shrike
 49725 | Depths:2 | Got a sparkling steel ring
 49726 | Depths:2 | Identified the ring of Niceugh {rC+ Str+6 SInv} (You took it off a centaur on level 2 of the Depths)
 50617 | Depths:3 | Noticed a titan
 50732 | Depths:2 | Killed a titan
 50827 | Depths:3 | Found a hide-covered altar of Uskayaw.
 51441 | Depths:2 | Reached skill level 15 in Armour
 51853 | Depths:3 | Reached skill level 20 in Fighting
 51899 | Depths:3 | Found a gateway to a ziggurat.
 51994 | Depths:3 | Received a gift from Trog
 52191 | Depths:3 | Found a one-way gate leading to the halls of Pandemonium.
 52326 | Depths:3 | Reached XP level 24. HP: 204/204 MP: 32/32
 52439 | Depths:3 | Received a gift from Trog
 53098 | Depths:4 | Found a one-way gate to the infinite horrors of the Abyss.
 53222 | Depths:3 | Received a gift from Trog
 53295 | Depths:4 | Found a radiant altar of Vehumet.
 53772 | Depths:4 | Noticed a lich
 53781 | Depths:4 | Killed a lich
 53781 | Depths:4 | Reached skill level 22 in Shields
 53825 | Depths:4 | Noticed a storm dragon
 53838 | Depths:4 | Killed a storm dragon
 53845 | Depths:4 | Noticed a storm dragon
 53849 | Depths:4 | Noticed a titan
 53855 | Depths:4 | Killed a storm dragon
 53861 | Depths:4 | Killed a titan
 53863 | Depths:4 | Noticed a lich
 53871 | Depths:4 | Killed a lich
 53894 | Depths:4 | Noticed a storm dragon
 53904 | Depths:4 | Noticed a titan
 53908 | Depths:4 | Killed a storm dragon
 53920 | Depths:4 | Killed a titan
 53976 | Depths:4 | Got an ancient hat
 53982 | Depths:4 | Identified the +0 hat of Alaop {rF+ MR+ Str+4} (You acquired it on level 4 of the Depths)
 54028 | Depths:4 | Noticed a lich
 54034 | Depths:4 | Noticed a titan
 54042 | Depths:4 | Killed a lich
 54049 | Depths:4 | Killed a titan
 54125 | Depths:4 | Noticed a storm dragon
 54141 | Depths:4 | Killed a storm dragon
 54141 | Depths:4 | Received a gift from Trog
 54480 | Depths:5 | Entered Level 5 of the Depths
 54535 | Depths:5 | Reached skill level 21 in Fighting
 54770 | Depths:5 | Reached skill level 16 in Armour
 55115 | Depths:4 | Reached XP level 25. HP: 213/214 MP: 32/32
 55194 | Depths:5 | Received a gift from Trog
 55665 | Depths:5 | Noticed a storm dragon
 55685 | Depths:5 | Killed a storm dragon
 55816 | Depths:5 | Found a gate to the Realm of Zot.
 56354 | Vaults:4 | Received a gift from Trog
 56367 | Vaults:4 | Reached skill level 21 in Dodging
 56433 | Vaults:5 | Entered Level 5 of the Vaults
 56464 | Vaults:5 | Noticed a storm dragon
 56590 | Vaults:5 | Killed a storm dragon
 56600 | Vaults:5 | Noticed a storm dragon
 56623 | Vaults:5 | Killed a storm dragon
 56669 | Vaults:5 | Received a gift from Trog
 56864 | Vaults:5 | Noticed a titan
 56865 | Vaults:5 | Noticed a tengu reaver
 56875 | Vaults:5 | Killed a titan
 56908 | Vaults:5 | Noticed an ancient lich
 56909 | Vaults:5 | Noticed a caustic shrike
 56915 | Vaults:5 | a caustic shrike changed into an iron dragon
 56923 | Vaults:5 | Killed an ancient lich
 56944 | Vaults:5 | Killed a tengu reaver
 57005 | Vaults:5 | Reached skill level 23 in Shields
 57012 | Vaults:5 | Noticed a titan
 57025 | Vaults:5 | Reached XP level 26. HP: 205/224 MP: 32/32
 57032 | Vaults:5 | Killed a titan
 57039 | Vaults:5 | Noticed a storm dragon
 57068 | Vaults:5 | Killed a storm dragon
 57068 | Vaults:5 | Reached skill level 22 in Fighting
 57069 | Vaults:5 | Noticed a tengu reaver
 57079 | Vaults:5 | Killed a tengu reaver
 57222 | Vaults:5 | Noticed a titan
 57222 | Vaults:5 | Noticed a tengu reaver
 57271 | Vaults:5 | Killed a tengu reaver
 57284 | Vaults:5 | Killed a titan
 57490 | Vaults:5 | Reached skill level 22 in Dodging
 57552 | Vaults:5 | Received a gift from Trog
 57686 | Vaults:5 | Noticed an ancient lich
 57708 | Vaults:5 | Noticed an ancient lich
 57713 | Vaults:5 | Killed an ancient lich
 57725 | Vaults:5 | Noticed a caustic shrike
 57725 | Vaults:5 | a caustic shrike changed into an acid blob
 57834 | Vaults:5 | Reached skill level 17 in Armour
 58245 | Vaults:5 | Killed an ancient lich
 58751 | Vaults:5 | Got a silver rune of Zot
 59153 | Depths:5 | Received a gift from Trog
 59266 | Zot:1    | Entered Level 1 of the Realm of Zot
 59377 | Zot:1    | Noticed a storm dragon
 59388 | Zot:1    | Killed a storm dragon
 59418 | Zot:1    | Noticed a storm dragon
 59434 | Zot:1    | Killed a storm dragon
 59708 | Zot:1    | Noticed a storm dragon
 59740 | Zot:1    | Killed a storm dragon
 60057 | Zot:1    | Noticed a storm dragon
 60073 | Zot:1    | Killed a storm dragon
 60562 | Zot:2    | Noticed a curse toe
 60564 | Zot:2    | Reached XP level 27. HP: 193/233 MP: 32/32
 60584 | Zot:2    | Killed a curse toe
 60584 | Zot:2    | Reached skill level 23 in Dodging
 60742 | Zot:2    | Noticed a storm dragon
 60780 | Zot:1    | Killed a storm dragon
 60789 | Zot:1    | Noticed a storm dragon
 60789 | Zot:1    | Reached skill level 23 in Fighting
 61112 | Zot:2    | Received a gift from Trog
 61685 | Zot:2    | Noticed a storm dragon
 61704 | Zot:2    | Killed a storm dragon
 61827 | Zot:2    | Reached skill level 24 in Shields
 62234 | Zot:3    | Noticed a storm dragon
 62245 | Zot:3    | Killed a storm dragon
 62741 | Zot:3    | Noticed a curse toe
 62766 | Zot:3    | Killed a curse toe
 62766 | Zot:3    | Reached skill level 24 in Dodging
 63829 | Zot:4    | Noticed a curse toe
 63830 | Zot:4    | Noticed an ancient lich
 63831 | Zot:4    | Noticed an ancient lich
 64141 | Zot:4    | Noticed a curse toe
 64160 | Zot:4    | Killed a curse toe
 64350 | Zot:3    | Noticed an orb of fire
 64511 | Zot:4    | Noticed a storm dragon
 64522 | Zot:4    | Killed a storm dragon
 64524 | Zot:4    | Noticed a storm dragon
 64585 | Zot:4    | Killed a storm dragon
 64685 | Zot:4    | Reached skill level 24 in Fighting
 65005 | Zot:4    | Received a gift from Trog
 65267 | Zot:4    | Noticed a storm dragon
 65269 | Zot:4    | Noticed a storm dragon
 65851 | Zot:4    | Killed a storm dragon
 66087 | Zot:4    | Killed an ancient lich
 66132 | Zot:4    | Killed a curse toe
 66132 | Zot:4    | Reached skill level 25 in Dodging
 66151 | Zot:4    | Killed an ancient lich
 66233 | Zot:4    | Reached skill level 25 in Shields
 66396 | Zot:4    | Noticed a storm dragon
 66417 | Zot:4    | Killed a storm dragon
 66457 | Zot:5    | Entered Level 5 of the Realm of Zot
 67024 | Zot:5    | Reached skill level 15 in Polearms
 67146 | Zot:5    | Noticed an electric golem
 67200 | Zot:5    | Noticed an ancient lich
 67219 | Zot:5    | Killed an ancient lich
 67431 | Zot:5    | Noticed an orb of fire
 67456 | Zot:5    | Gained mutation: You are clumsy. (Dex -2) [an orb of fire]
 67470 | Zot:5    | Killed an orb of fire
 67485 | Zot:5    | Reached skill level 25 in Fighting
 67485 | Zot:5    | Reached skill level 16 in Polearms
 67559 | Zot:5    | Reached skill level 26 in Dodging
 67653 | Zot:5    | Noticed a curse toe
 67682 | Zot:5    | Killed a curse toe
 67904 | Zot:5    | Noticed an orb of fire
 68271 | Zot:5    | Noticed an orb of fire
 68280 | Zot:5    | Gained mutation: You are frail. (-10% HP) [an orb of fire]
 68298 | Zot:5    | Killed an orb of fire
 68298 | Zot:5    | Reached skill level 17 in Polearms
 68453 | Zot:5    | Noticed a storm dragon
 68461 | Zot:5    | Received a gift from Trog
 68466 | Zot:5    | Killed a storm dragon
 68606 | Zot:5    | Killed an electric golem
 68660 | Zot:5    | Gained mutation: Potions and wands are less effective at restoring your health. [an orb of fire]
 68666 | Zot:5    | Gained mutation: You are weak. (Str -2) [an orb of fire]
 68678 | Zot:5    | Gained mutation: Potions and wands are poor at restoring your health. [an orb of fire]
 68678 | Zot:5    | Gained mutation: Armour fits poorly on your strangely shaped body. [an orb of fire]
 68694 | Zot:5    | Gained mutation: You occasionally shout uncontrollably at your foes. [an orb of fire]
 68703 | Zot:5    | Killed an orb of fire
 68845 | Zot:5    | Noticed an orb of fire
 68846 | Zot:5    | Gained mutation: You tend to lose your temper in combat. [an orb of fire]
 68848 | Zot:5    | Gained mutation: You are dopey. (Int -2) [an orb of fire]
 68856 | Zot:5    | Gained mutation: You are very weak. (Str -4) [an orb of fire]
 68863 | Zot:5    | Lost mutation: Potions and wands are poor at restoring your health. [an orb of fire]
 68870 | Zot:5    | Gained mutation: You expend magic power (3 MP) to strengthen your wands. [an orb of fire]
 68875 | Zot:5    | Killed an orb of fire
 68875 | Zot:5    | Reached skill level 18 in Polearms
 68938 | Zot:5    | Lost mutation: You are dopey. (Int -2) [potion of cure mutation]
 68938 | Zot:5    | Lost mutation: You tend to lose your temper in combat. [potion of cure mutation]
 68938 | Zot:5    | Lost mutation: Armour fits poorly on your strangely shaped body. [potion of cure mutation]
 68938 | Zot:5    | Lost mutation: You are clumsy. (Dex -2) [potion of cure mutation]
 68938 | Zot:5    | Lost mutation: You occasionally shout uncontrollably at your foes. [potion of cure mutation]
 68938 | Zot:5    | Lost mutation: You are frail. (-10% HP) [potion of cure mutation]
 68939 | Zot:5    | Lost mutation: You expend magic power (3 MP) to strengthen your wands. [potion of cure mutation]
 68939 | Zot:5    | Lost mutation: You are very weak. (Str -4) [potion of cure mutation]
 68939 | Zot:5    | Lost mutation: You have a pair of small horns on your head. [potion of cure mutation]
 68939 | Zot:5    | Lost mutation: You are weak. (Str -2) [potion of cure mutation]
 69000 | Zot:5    | Got the Orb of Zot
 69055 | Zot:5    | Noticed Dacw the pandemonium lord
 69865 | D:10     | Noticed Untipt the pandemonium lord
 69943 | D:6      | Noticed Pacecor the pandemonium lord
 70053 | D:$      | Escaped with the Orb!

Vanquished Creatures
  4 orbs of fire (Zot:5)
  5 ancient liches
  Sojobo (Depths:1)
  Saint Roka (Vaults:2)
  5 Killer Klowns (Zot:5)
  5 curse toes
  A caustic shrike (Depths:2)
  11 golden dragons
  Arachne (Spider:2)
  An electric golem (Zot:5)
  Jorgrun (Elf:3)
  6 liches
  19 tentacled monstrosities
  23 Orb Guardians (Zot:5)
  Asterion (Spider:2)
  8 quicksilver dragons
  A deep elf blademaster (Elf:3)
  7 titans
  5 sphinxes
  An Executioner (D:8)
  13 death cobs
  19 storm dragons
  The ghost of Typee the Devastator, an adept DECj of Sif Muna (Spider:4)
  11 shadow dragons
  6 draconian monks
  6 tengu reavers
  2 daevas (Depths:3)
  12 fire giants
  A fire giant (shapeshifter) (Vaults:5)
  7 emperor scorpions
  6 ghost moths
  12 frost giants
  6 deep elf sorcerers
  A balrug (Depths:5)
  3 draconian scorchers
  4 draconian knights
  19 vault wardens
  An iron dragon (Vaults:5)
  5 draconian zealots
  6 draconian shifters
  A spriggan defender (Depths:5)
  A juggernaut zombie (Depths:2)
  A reaper (Zot:3)
  A ghoul (Vaults:1)
  2 caustic shrike skeletons
  19 ironheart preservers
  5 draconian annihilators
  6 deep elf elementalists
  5 draconian callers
  3 entropy weavers
  13 green draconians
  17 very ugly things
  A vampire knight (Depths:1)
  26 stone giants
  15 black draconians
  8 deep elf annihilators
  8 deep elf demonologists
  A lorocyproca (Depths:3)
  2 pale draconians (Depths:5)
  14 purple draconians
  12 yellow draconians
  11 red draconians
  12 mottled draconians
  10 white draconians
  10 merfolk impalers
  12 ettins
  2 blizzard demons (Depths:3)
  5 deep elf high priests
  20 yaktaur captains
  17 fire dragons
  5 merfolk javelineers
  6 deep elf death magi
  2 jiangshi (Depths:2)
  29 vault guards
  Harold (Orc:1)
  12 great orbs of eyes
  A hydra (shapeshifter) (Vaults:5)
  7 rakshasas
  An ice dragon (shapeshifter) (Vaults:5)
  Erica (D:8)
  Fannar (Lair:2)
  8 ice dragons
  8 hydras
  5 merfolk avatars
  6 spriggan air magi
  7 merfolk aquamancers
  16 centaur warriors
  A satyr (Shoals:4)
  5 death knights
  4 death yaks (Lair:4)
  An alligator (shapeshifter) (Vaults:5)
  29 dancing weapons
  2 alligator snapping turtles
  13 deep troll shamans
  2 tengu warriors (Depths:1)
  3 vampire magi
  16 ogre magi
  2 orc high priests (Orc:2)
  A shock serpent (shapeshifter) (Depths:3)
  14 deep troll earth magi
  10 hell knights
  6 spriggan berserkers
  6 thrashing horrors (Abyss:3)
  A fire crab (Lair:6)
  23 deep elf knights
  14 skeletal warriors
  6 soul eaters
  3 iron trolls
  A shadow wraith (Vaults:3)
  A sixfirhy (Zot:3)
  3 salamander mystics
  2 small abominations
  2 death drakes (Zot:3)
  16 sea snakes
  7 unseen horrors
  4 flayed ghosts
  A tengu zombie (Depths:4)
  39 deep trolls
  3 cherubim
  5 wizards
  A gelid demonspawn (Depths:5)
  7 glowing orange brains
  A glowing orange brain (shapeshifter) (Vaults:5)
  2 phantasmal warriors
  11 wolf spider zombies (Spider:3)
  23 deep elf archers
  16 orc knights
  14 ironbrand convokers
  21 wolf spiders
  A golden dragon skeleton (Depths:4)
  A sphinx zombie (Depths:4)
  7 hill giants
  2 fire giant zombies (Depths:2)
  A tengu skeleton (Depths:2)
  11 necromancers
  14 harpies
  12 orb spiders
  5 large abominations (Abyss:3)
  4 orc sorcerers
  2 fauns (Shoals:1)
  48 deep elf magi
  40 ugly things
  10 salamanders
  A faun (shapeshifter) (Vaults:1)
  A human zombie (Vaults:4)
  12 manticores
  13 vault sentinels
  5 cyclopes
  3 elephants (Lair:3)
  A fire giant skeleton (Depths:4)
  A guardian serpent (shapeshifter) (D:15)
  22 slime creatures
  25 moths of wrath
  A stone giant skeleton (Depths:2)
  4 centaur zombies
  3 sirens
  2 rust devils
  3 molten gargoyles (Lair:6)
  6 water nymphs
  7 black mambas
  An orange demon (Depths:5)
  A smoke demon (Depths:5)
  Psyche (D:8)
  A spiny frog (shapeshifter) (Depths:3)
  A torpor snail (Spider:1)
  An eye of devastation (shapeshifter) (Vaults:5)
  A spriggan skeleton (Depths:2)
  2 gargoyles
  3 kobold demonologists (D:15)
  15 spiny frogs
  4 freezing wraiths
  6 redback zombies (Spider:3)
  3 rime drakes
  4 tengu conjurers
  A yaktaur (shapeshifter) (Depths:1)
  7 demonic crawlers
  A human skeleton (Vaults:4)
  49 yaktaurs
  An ice devil (Depths:3)
  14 komodo dragons
  An ancient zyme (Abyss:3)
  A hellwing (Depths:5)
  A polar bear (Vaults:1)
  A wolf spider simulacrum (Vaults:2)
  A meliai (shapeshifter) (Depths:2)
  2 queen bees (shapeshifter)
  32 two-headed ogres
  31 merfolk
  A polar bear (shapeshifter) (Vaults:2)
  4 meliai
  A sphinx simulacrum (Depths:4)
  11 trolls
  16 jumping spiders
  A tengu simulacrum (Vaults:2)
  8 hornets
  A moth of wrath zombie (Zot:4)
  A wind drake (shapeshifter) (Vaults:5)
  Prince Ribbit (Lair:3)
  2 wind drakes (Shoals:4)
  20 blink frogs
  13 hippogriffs
  7 snapping turtles
  8 tarantella zombies (Spider:3)
  A fire giant simulacrum (Vaults:4)
  65 redbacks
  17 water elementals
  A ynoxinul (Depths:3)
  Sigmund (D:2)
  A shadow (D:14)
  28 tarantellas
  46 yaks
  6 spriggans
  3 air elementals
  An elf zombie (Depths:2)
  A vampire (D:13)
  A wraith (Vaults:1)
  2 fire elementals
  8 wyverns
  A golden eye (Abyss:3)
  6 basilisks
  A basilisk (shapeshifter) (Vaults:5)
  A neqoxec (Depths:3)
  2 hungry ghosts
  3 steam dragons (Depths:5)
  6 insubstantial wisps (Abyss:3)
  4 wargs
  10 mottled dragons
  A warg (shapeshifter) (Vaults:4)
  4 hell hounds (Lair:6)
  12 porcupines
  2 floating eyes (Depths:2)
  10 water moccasins
  A soldier ant (shapeshifter) (Vaults:2)
  44 orc warriors
  3 sky beasts
  A black bear (shapeshifter) (Vaults:2)
  An eye of draining (shapeshifter) (Depths:3)
  2 eyes of draining
  6 ice beasts
  An orc zombie (Vaults:1)
  10 boggarts
  An ettin simulacrum (Vaults:2)
  6 wolves (Lair:4)
  The ghost of Dustman the Poker, an amateur MiGl (D:3)
  79 ogres
  32 centaurs
  12 crocodiles
  6 big kobolds
  A bullfrog (shapeshifter) (Vaults:2)
  10 bullfrogs
  A wyvern zombie (D:13)
  A gnoll sergeant (D:4)
  6 earth elementals
  A human simulacrum (Vaults:4)
  18 wights
  4 electric eels
  8 howler monkeys
  3 lava snakes
  7 crimson imps
  3 bullfrog zombies
  8 hounds
  12 orc priests
  Crazy Yiuf (D:2)
  4 bullfrog skeletons
  3 jellies
  20 orc wizards
  An iron imp (Depths:2)
  4 centaur skeletons
  2 iguanas
  10 worker ants
  A hound zombie (D:11)
  2 hound skeletons (D:4)
  2 worker ant zombies
  Robin (D:3)
  14 gnolls
  A howler monkey skeleton (D:10)
  18 adders
  A river rat (Sewer)
  3 shadow imps
  An ufetubus (Vaults:1)
  5 oozes (Sewer)
  4 worms
  A worm (shapeshifter) (Vaults:5)
  A ball lightning (Zot:2)
  10 leopard geckos
  85 orcs
  5 ball pythons
  8 bats
  7 giant cockroaches
  16 goblins
  8 hobgoblins
  4 jackals
  3 quokkas
  6 frilled lizards
  A jackal skeleton (D:5)
  28 kobolds
  10 rats
  A crawling corpse (Elf:3)
  A fire vortex (Depths:2)
  A plant (Spider:3)
2344 creatures vanquished.

Vanquished Creatures (collateral kills)
  An ancient lich (Vaults:5)
  Bai Suzhen (Vaults:2)
  An Orb Guardian (Zot:5)
  A deep elf master archer (Elf:3)
  A storm dragon (Vaults:5)
  Ilsuiw (Shoals:3)
  The ghost of Thomus the Severer, a journeyman MiGl of Okawaru (D:14)
  A fire giant (Vaults:5)
  A vault warden (Vaults:3)
  An iron dragon (Depths:2)
  3 deep elf sorcerers (Elf:3)
  Louise (Spider:3)
  An emperor scorpion (Spider:3)
  An orc warlord (Orc:2)
  A deep elf elementalist (Elf:3)
  An ironheart preserver (Vaults:5)
  A stone giant (Vaults:3)
  A deep elf annihilator (Elf:3)
  3 deep elf demonologists
  A deep elf death mage (Vaults:1)
  An ogre mage (Vaults:2)
  A yaktaur captain (Vaults:5)
  2 deep elf high priests (Elf:3)
  3 vault guards (Vaults:5)
  A satyr (Shoals:4)
  A dancing weapon (Vaults:5)
  3 deep troll earth magi (Depths:5)
  2 deep troll shamans
  A death yak (Lair:4)
  An orc high priest (Orc:2)
  A deep elf knight (Elf:3)
  A small abomination (Elf:3)
  A deep elf archer (Vaults:1)
  A flayed ghost (Vaults:2)
  3 deep trolls (Depths:5)
  A necromancer (Vaults:1)
  3 orb spiders (Spider:4)
  5 orc knights
  An ugly thing (D:14)
  An orc sorcerer (Vaults:2)
  5 deep elf magi (Elf:1)
  A moth of wrath (Spider:3)
  A salamander (Depths:2)
  2 sirens (Shoals:3)
  A human skeleton (Vaults:1)
  3 vault sentinels
  A kobold demonologist (D:15)
  A yaktaur zombie (Vaults:1)
  7 yaktaurs
  A jumping spider (Spider:4)
  3 merfolk (Shoals:4)
  2 meliai (D:14)
  2 hornets
  2 slime creatures (Vaults:2)
  A two-headed ogre (Vaults:2)
  2 hippogriffs
  2 snapping turtles (Shoals:4)
  A stone giant simulacrum (Vaults:1)
  7 redbacks
  A shapeshifter (Vaults:1)
  A tarantella (Spider:4)
  2 basilisks
  A hungry ghost (D:14)
  A warg (Vaults:2)
  A mottled dragon (D:14)
  An ogre zombie (Vaults:1)
  17 orc warriors
  5 ogres
  A crocodile (D:14)
  A big kobold (shapeshifter) (Vaults:3)
  An elf simulacrum (Vaults:1)
  An orc priest (Vaults:2)
  An orc wizard (Vaults:2)
  A river rat (shapeshifter) (Vaults:5)
  11 orcs
  A kobold (D:15)
  3 crawling corpses (Elf:3)
154 creatures vanquished.

Vanquished Creatures (others)
  A fire giant (Depths:4)
  A ghost moth (Zot:5)
  A war gargoyle (Vaults:5)
  3 ogre magi
  A shadow wraith (Vaults:2)
  An ironbrand convoker (Vaults:5)
  A deep elf mage (D:12)
  A large abomination (Abyss:3)
  A centaur zombie (D:14)
  An orange demon (D:12)
  A two-headed ogre (Vaults:2)
  A hippogriff (D:12)
  3 ogres
  2 boggarts
  A bullfrog (D:12)
  An adder (D:12)
  An orc (D:12)
  2 kobolds (D:15)
  15 fungi
  2 plants
  7 toadstools (Lair:3)
48 creatures vanquished.

Grand Total: 2546 creatures vanquished
